 Dungeon Crawl Stone Soup version 0.21-a0-401-g0b6bec4 (webtiles) character file.

531 Ijustatesigmund the Sneak (level 7, -15/36 HPs)
             Began as a Spriggan Warper on Oct 25, 2017.
             Killed by divine providence
             ... invoked by an orc priest
              (16 damage)
             ... on level 2 of the Dungeon.
             The game lasted 00:22:37 (7474 turns).

Ijustatesigmund the Sneak (Spriggan Warper)         Turns: 7474, Time: 00:22:37

Health: -15/36     AC:  3    Str:  4 (7)  XL:     7   Next: 3%
Magic:  14/14      EV: 19    Int: 20 (21) God:
Gold:   87         SH:  0    Dex: 10 (16) Spells: 12/14 levels left

rFire    . . .     SeeInvis +   a - +1 short sword
rCold    . . .     Gourm    .   (shield restricted)
rNeg     . . .     Faith    .   b - +1 robe
rPois    +         Spirit   .   (helmet restricted)
rElec    .         Reflect  .   (no cloak)
rCorr    .         Harm     .   (gloves unavailable)
MR       +....                  (boots unavailable)
Stlth    +++.......             (no amulet)
HPRegen  0.12/turn              (no ring)
MPRegen  0.14/turn              (no ring)

@: brilliant, flying, very quick
A: unfitting armour, antennae 1, see invisible, herbivore 3, speed 3, sense
surroundings 1, poison resistance, slow metabolism 2
a: no special abilities


You were on level 2 of the Dungeon.
You were not hungry.

You visited 1 branch of the dungeon, and saw 4 of its levels.
You also visited: Sewer.

You collected 87 gold pieces.

Inventory:

Hand Weapons
 a - a +1 short sword (weapon)
 h - a +1 dagger of flaming
 i - a +0 blowgun
Missiles
 e - 4 tomahawks of dispersal (quivered)
 k - 5 poisoned needles
 o - 4 tomahawks
Armour
 b - a +1 robe (worn)
Scrolls
 j - a scroll of remove curse
Potions
 g - a potion of flight
 m - a potion of brilliance
Books
 c - a book of Spatial Translocations

   Spells                             Type                      Level
   a - Blink                          Translocation                2
   b - Shroud of Golubria             Charms/Translocation         2
   c - Lesser Beckoning               Translocation                3
   d - Gell's Gravitas                Translocation                3
   e - Teleport Other                 Translocation                3
   f - Passage of Golubria            Translocation                4
Comestibles
 f - 3 bread rations
 l - 6 fruits


   Skills:
 - Level 3.4 Fighting
 + Level 4.2 Short Blades
 - Level 1.0 Throwing
 + Level 5.4 Dodging
 - Level 5.7 Stealth
 + Level 4.0 Spellcasting
 - Level 4.4 Translocations


You had 12 spell levels left.
You knew the following spells:

 Your Spells              Type           Power        Failure   Level  Hunger
a - Blink                 Tloc           N/A          1%          2    #......


Dungeon Overview and Level Annotations

Branches:
Dungeon (4/15)
 Temple: D:4-7

Altars:

Annotations:
D:2 Sigmund
D:4 Blork the orc


Innate Abilities, Weirdness & Mutations

You are very small and have problems with some larger weapons.
You are too small for most types of armour.
You have supernaturally acute eyesight. (SInv)
You are a herbivore.
You cover ground extremely quickly.
You need consume almost no food.
You have a pair of small antennae on your head.
You passively map a small area around you.
Your system is resistant to poisons. (rPois)


Message History

You feel better. The orc priest hits you with a dagger.
You closely miss the orc priest.
The orc priest is moderately wounded.
The orc priest hits you with a dagger.
You hit the orc priest.
The orc priest is severely wounded.
The orc priest invokes the aid of Beogh against you.
Beogh smites you!
* * * LOW HITPOINT WARNING * * *
You hit the orc priest but do no damage.
The orc priest is severely wounded.
You hit the orc priest.
The orc priest is almost dead.
The orc priest hits you with a dagger.
* * * LOW HITPOINT WARNING * * *
You hit the orc priest but do no damage.
The orc priest is almost dead.
The orc priest invokes the aid of Beogh against you.
Beogh smites you!
You die...

#######.## #.# #.##.##########
#..######.###.##...........
##....#.......########.....
####......###...# ###...>.
###.#...##...###.......
########.#)#..#[....).#..... ##
###........#.##.....#####.....
.###...########.##.#....# ######
.......#### #.รท@).#....# #..
.....#....# #.o##.#....# #..
.....####.# ##..##......# #..
####...[).###...###.###.# #.. #
#####...##.#.###).##.#######.. ##
###........##............. .#
#..#.#....#.....######.. .#
####..........##..## #..
.#######....<##..#..####..#####..


You could see an orc priest.

Vanquished Creatures
  A big kobold (Sewer)
  2 howler monkeys
  A quasit (Sewer)
  A bullfrog skeleton (D:4)
  An orc wizard (D:4)
  Jessica (D:2)
  3 big kobold zombies (Sewer)
  A river rat (D:4)
  5 adders
  2 shadow imps (Sewer)
  2 ufetubi (Sewer)
  An ooze (Sewer)
  2 worms
  A dart slug (D:1)
  A leopard gecko (D:1)
  8 orcs
  12 bats
  A bat zombie (Sewer)
  5 giant cockroaches
  11 goblins
  5 hobgoblins
  3 jackals
  5 quokkas
  5 frilled lizards
  2 giant cockroach zombies (Sewer)
  27 kobolds
  19 rats
128 creatures vanquished.

Vanquished Creatures (others)
  2 big kobold zombies (Sewer)
  An ooze (Sewer)
  A bat (Sewer)
  2 bat zombies (Sewer)
6 creatures vanquished.

Grand Total: 134 creatures vanquished

Notes
Turn   | Place    | Note
-------+----------+-------------------------------------------
     0 | D:1      | Ijustatesigmund the Spriggan Warper began the quest for the Orb.
     0 | D:1      | Reached XP level 1. HP: 10/10 MP: 5/5
     2 | D:1      | Gained mutation: You have a pair of small antennae on your head. [potion of mutation]
     2 | D:1      | Gained mutation: You passively map a small area around you. [potion of mutation]
     2 | D:1      | Gained mutation: Your system is resistant to poisons. (rPois) [potion of mutation]
   155 | D:1      | Reached XP level 2. HP: 12/14 MP: 6/6
   172 | D:1      | Learned a level 2 spell: Blink
  1283 | D:1      | Reached XP level 3. HP: 17/18 MP: 8/8
  1653 | D:1      | Reached skill level 5 in Dodging
  2210 | D:2      | Reached XP level 4. HP: 22/22 MP: 9/9
  2408 | D:2      | Noticed Sigmund
  2618 | D:2      | Noticed Jessica
  2638 | D:2      | Killed Jessica
  2638 | D:2      | Reached skill level 1 in Stealth
  3241 | D:3      | Reached XP level 5. HP: 25/26 MP: 10/10
  3626 | D:4      | Found a glowing drain.
  3630 | Sewer    | Entered a sewer
  4284 | Sewer    | Reached XP level 6. HP: 20/32 MP: 11/11
  4484 | Sewer    | Reached skill level 5 in Stealth
  4638 | Sewer    | Found a burning altar of Makhleb.
  4640 | Sewer    | Noticed Grinder
  4680 | Sewer    | Paralysed by Grinder for 2 turns
  5148 | Sewer    | Paralysed by Grinder for 5 turns
  5885 | D:3      | Paralysed by an orc for 3 turns
  6719 | D:4      | Reached XP level 7. HP: 24/36 MP: 13/13
  6745 | D:4      | Noticed Blork the orc
  7473 | D:2      | HP: 1/36 [orc priest/dagger (4)]
  7474 | D:2      | Killed from afar by an orc priest

Vault maps used:
D:1:      matt_arrival_refuge
D:2:      uniq_jessica, uniq_sigmund
D:3:      first_bread, minmay_rat_hole
D:4:      gup_sewer_entry_bowl, uniq_blork_the_orc
Sewer:    kennysheep_sewer_church

Skill      XL: |  1  2  3  4  5  6  7 |
---------------+----------------------+-----
Dodging        | 4 5 |  5.4
Short Blades   | 3 4 |  4.2
Stealth        | 2 4 5 |  5.7
Fighting       | 2 3 |  3.4
Spellcasting   | 3 4 |  4.0
Throwing       | |  1.0
Translocations | |  4.4

Action                   |  1- 3 |  4- 6 |  7- 9 || total
-------------------------+-------+-------+-------++-------
Melee: Short sword       |   156 |   490 |    68 ||   714
       Dagger            |       |     5 |       ||     5
 Fire: Blowgun           |       |    24 |     3 ||    27
Throw: Tomahawk          |       |     1 |       ||     1
  Use: Potion            |     2 |     5 |     4 ||    11
       Scroll            |     5 |     5 |     1 ||    11
 Stab: Sleeping          |     2 |     4 |       ||     6
  Eat: Royal jelly       |       |     2 |       ||     2
       Fruit             |       |     1 |     1 ||     2
Armor: Robe              |    13 |    76 |       ||    89
Dodge: Dodged            |   137 |   597 |    47 ||   781

Table legend:
 A = Spawn XP
 B = Non-spawn XP
 C = Spawn XP percentage of total XP
 D = Spawn monster count
 E = Non-spawn monster count
 F = Spawn count percentage of total count
 G = Total turns spent on level
                    A         B        C        D         E        F      G
               +---------+---------+-------+---------+---------+-------+---------
         Total |       0 |     759 |   0.0 |       0 |     128 |   0.0 |  7474
               +---------+---------+-------+---------+---------+-------+---------
           D:1 |       0 |      69 |   0.0 |       0 |      31 |   0.0 |  1867
           D:2 |       0 |     136 |   0.0 |       0 |      30 |   0.0 |  2068
           D:3 |       0 |      91 |   0.0 |       0 |      23 |   0.0 |   485
           D:4 |       0 |     166 |   0.0 |       0 |      12 |   0.0 |  1316
         Sewer |       0 |     297 |   0.0 |       0 |      32 |   0.0 |  1738
               +---------+---------+-------+---------+---------+-------+---------
